Map: New Gettysburg LE

Players

Amix

  • Race: Terran Terran
  • League: Platinum
  • Spawn Location: 7:00

LingDingDing - Winner!

  • Race: Protoss Protoss
  • League: Platinum
  • Spawn Location: 5:00

VOD

Have the link to the VOD?

Description

Time

  • Played on: Nov. 13, 2016, 4:59 a.m.
  • Length: 17:07
Show
View Real Time Build Order
Export as new Build Order

Amix Terran 

Build Orders: Command Center First (CC), MMM Bio 

Get SALT Encoding   

  12  0:15  SCV  
  13  0:27  SCV  
  14  0:40  SCV  
  15  0:48  Command Center  
  15  1:05  Supply Depot  
  15  1:26  SCV  
  16  1:34  Barracks  
  16  1:38  SCV  
  17  1:53  SCV  
  18  2:00  SCV  
  19  2:05  Barracks  
  19  2:12  SCV  
  19  2:13  SCV  
  21  2:23  Refinery  
  21  2:28  Orbital Command x2  
  21  2:34  Marine  
  22  2:41  Refinery  
  22  2:43  Refinery  
  22  2:52  Marine  
  22  2:58  Bunker  
  23  3:00  SCV  
  23  3:01  SCV  
  25  3:12  Marine  
  26  3:13  SCV x2  
  28  3:25  SCV x2  
  28  3:37  SCV  
  28  3:39  SCV  
  30  3:45  Barracks Tech Lab  
  30  3:49  SCV  
  30  3:52  Marine  
  30  3:53  SCV  
  33  4:01  SCV  
  34  4:05  SCV  
  35  4:10  Marine, Engineering Bay  
  35  4:12  Engineering Bay  
  36  4:19  Barracks x2  
  36  4:20  Barracks  
  36  4:26  SCV x2  
  38  4:38  Combat Shields  
  38  4:45  Barracks  
  38  4:50  Terran Infantry Armor Level 1  
  38  4:51  Terran Infantry Weapons Level 1  
  38  4:55  Missile Turret  
  38  5:02  Supply Depot  
  38  5:03  Supply Depot  
  38  5:04  Supply Depot  
  38  5:05  Supply Depot  
  38  5:09  Barracks  
  38  5:22  Barracks Tech Lab x2, Barracks Reactor  
  38  5:24  Marine x2, SCV x2  
  42  5:36  SCV x2  
  42  5:39  Missile Turret  
  42  5:41  Missile Turret  
  42  5:42  Marine, Marauder  
  47  5:48  SCV x2  
  49  5:52  Refinery  
  49  5:53  Marine x3  
  52  5:59  Marine  
  52  6:00  SCV x2  
  52  6:01  Concussive Shells, Stimpack  
  52  6:03  Marauder  
  57  6:10  Marine  
  57  6:11  Marine, Marauder  
  61  6:12  SCV x2  
  61  6:14  Factory  
  61  6:17  Marine  
  64  6:23  Missile Turret x2  
  64  6:24  SCV  
  64  6:25  Marauder, SCV  
  68  6:33  Command Center  
  68  6:35  Marauder  
  70  6:49  Missile Turret  
  70  7:01  Armory  
  70  7:02  Factory Tech Lab  
  70  7:14  Starport  
  70  7:16  Starport  
  70  7:31  Command Center  
  70  7:42  Supply Depot x2  
  70  7:43  Supply Depot x2  
  70  7:44  Supply Depot x2  
  70  7:45  Marine x3, Marauder x2  
  77  8:00  Terran Infantry Weapons Level 2, Terran Infantry Armor Level 2  
  77  8:08  Barracks Reactor  
  77  8:09  Barracks Reactor  
  77  8:13  Marauder  
  77  8:14  Marauder x2  
  77  8:15  Marine x3  
  86  8:33  Marine x3  
  89  8:35  Marauder x3  
  89  8:36  Orbital Command  
  95  8:47  Viking x2  
  99  8:50  Marine  
  99  8:51  Marine x2  
  99  8:52  Marine x2  
  104  8:56  Marine x3  
  104  8:59  Supply Depot  
  107  9:03  Supply Depot  
  107  9:08  Marine x2  
  109  9:17  Viking x2  
  113  9:29  Orbital Command  
  113  9:39  Marauder x3, Marine x2  
  113  9:40  Marine x3  
  124  9:56  Medivac x2  
  124  9:57  Marine x3  
  124  9:58  Marine x2  
  133  10:00  Marine, Marauder x2  
  133  10:06  SCV  
  139  10:11  Orbital Command  
  139  10:15  Marine x3  
  139  10:18  Marauder, SCV  
  145  10:25  Missile Turret  
  145  10:26  Medivac x2  
  149  10:30  SCV  
  150  10:42  SCV  
  151  10:43  Missile Turret  
  151  10:48  Marine x3  
  151  10:49  Marine  
  159  10:50  Marauder x3  
  159  10:54  SCV  
  162  10:59  Supply Depot  
  162  11:00  Supply Depot  
  162  11:01  Supply Depot  
  162  11:03  Supply Depot  
  162  11:06  SCV  
  163  11:29  Missile Turret  
  163  11:32  Missile Turret  
  163  11:33  Missile Turret  
  163  11:36  Refinery  
  163  11:49  Supply Depot  
  163  11:51  Supply Depot  
  163  11:52  Missile Turret  
  163  11:55  Terran Infantry Weapons Level 3  
  163  11:56  Terran Infantry Armor Level 3, Supply Depot  
  163  12:45  Orbital Command  
  163  12:57  Barracks  
  163  12:58  Barracks  
  163  13:00  Barracks  
  163  13:02  Barracks  
  163  13:04  Barracks  
  163  13:05  Barracks  
  163  13:29  Marauder x3  
  163  13:30  Marine x3  
  163  13:31  Marine x2  
  174  13:40  Medivac x2  
  178  13:46  Thor  
  178  13:48  Marine x5  
  184  13:49  Barracks  
  184  13:50  Marauder x3, Barracks  
  184  13:55  Barracks  
  156  14:06  Marine x5  
  127  14:10  Viking, Medivac  
  127  14:11  Marauder x2  
  127  14:12  Marauder  
  121  14:20  Marine  
  121  14:24  Marine x5  
  127  14:33  Marauder x3  
  133  14:40  Viking x2  
  133  14:42  Marine  
  138  14:46  Marine  
  138  14:47  Marine x4  
  143  14:53  Hi-Sec Auto Tracking  
  143  14:54  Marauder x3  
  149  15:00  Marine  
  149  15:04  Marine  
  149  15:05  Marine x4  
  155  15:10  Viking x2  
  159  15:16  Marauder x3  
  159  15:17  Marine  
  164  15:22  Marine x5  
  159  15:35  Marine  
  159  15:37  Marauder x3  
  159  15:40  Marine x5, Medivac x2  
  175  15:53  Marine  
  176  15:57  Marine  
  176  15:58  Marine x4, Marauder x3  
  187  16:11  Marine  
  188  16:20  Marauder x3  
  162  16:41  Marauder x3  
Show
View Real Time Build Order
Export as new Build Order

LingDingDing Protoss - Winner!

Build Orders:  

Get SALT Encoding   

  12  0:02  Probe (Chrono Boost)  
  13  0:12  Probe (Chrono Boost)  
  14  0:18  Pylon  
  14  0:24  Probe (Chrono Boost)  
  15  0:31  Assimilator  
  15  0:37  Probe (Chrono Boost)  
  16  0:46  Gateway  
  16  0:47  Probe (Chrono Boost)  
  17  0:58  Probe (Chrono Boost)  
  17  1:00  Pylon  
  18  1:08  Probe (Chrono Boost)  
  19  1:18  Assimilator  
  19  1:19  Probe (Chrono Boost)  
  20  1:29  Probe (Chrono Boost)  
  21  1:33  Cybernetics Core  
  21  1:38  Pylon  
  21  1:43  Probe (Chrono Boost)  
  22  1:52  Gateway  
  22  1:56  Probe (Chrono Boost)  
  23  2:10  Mothership Core (Chrono Boost)  
  23  2:11  Stalker  
  23  2:14  Warp Gate  
  27  2:29  Probe (Chrono Boost)  
  28  2:30  Pylon  
  28  2:39  Probe (Chrono Boost)  
  29  3:00  Sentry  
  29  3:01  Nexus  
  29  3:02  Sentry  
  34  3:05  Probe (Chrono Boost)  
  34  3:16  Probe (Chrono Boost)  
  35  3:36  Probe (Chrono Boost)  
  34  3:42  Gateway  
  34  3:46  Robotics Facility  
  34  3:52  Probe (Chrono Boost)  
  34  3:53  Pylon  
  34  3:55  Assimilator  
  35  3:57  Assimilator  
  35  4:03  Probe (Chrono Boost)  
  36  4:15  Gateway  
  36  4:19  Probe x2 (Chrono Boost)  
  38  4:25  Stalker x2  
  42  4:35  Probe x2 (Chrono Boost)  
  42  4:36  Twilight Council  
  44  4:39  Pylon  
  44  4:42  Sentry  
  46  4:48  Warp Prism (Chrono Boost)  
  46  4:50  Probe  
  49  5:01  Forge  
  49  5:11  Stalker  
  49  5:12  Probe  
  52  5:14  Probe  
  53  5:23  Probe  
  53  5:26  Probe  
  55  5:33  Probe  
  56  5:36  Photon Cannon  
  56  5:38  Probe  
  57  5:44  Probe, Photon Cannon  
  57  5:48  Protoss Ground Weapons Level 1  
  58  5:50  Probe  
  58  5:52  Observer (Chrono Boost)  
  60  5:58  Templar Archives  
  60  6:00  Stalker x3  
  66  6:18  Charge (Chrono Boost)  
  66  6:21  Nexus  
  66  6:29  Adept x2  
  66  6:31  Adept  
  72  6:33  Adept  
  74  6:43  Psionic Storm  
  74  6:57  High Templar x2  
  78  7:06  Pylon x2  
  78  7:08  Pylon  
  78  7:10  Pylon  
  78  7:23  Probe  
  78  7:24  Observer  
  78  7:25  Probe  
  78  7:29  Gateway  
  81  7:34  Probe  
  81  7:35  Zealot, Gateway, Pylon  
  81  7:36  Zealot x2  
  88  7:37  Probe  
  88  7:42  Probe  
  89  7:45  Photon Cannon  
  89  7:46  Observer  
  91  8:09  Gateway  
  91  8:10  Assimilator  
  91  8:12  Gateway, Pylon  
  91  8:15  Assimilator  
  91  8:20  Protoss Ground Weapons Level 2  
  91  8:22  Pylon  
  91  8:23  Zealot x2  
  91  8:24  Zealot  
  97  8:31  High Templar  
  99  8:36  Observer  
  100  8:58  Observer (Chrono Boost)  
  101  9:04  Pylon  
  101  9:08  Blink  
  101  9:09  Pylon  
  101  9:15  Zealot  
  101  9:16  Zealot x6, Pylon  
  115  9:21  Probe x2  
  115  9:22  Probe  
  118  9:32  Probe x2  
  118  9:35  Probe  
  121  9:39  Zealot  
  121  9:42  Probe x2  
  125  9:47  Probe  
  126  9:57  Protoss Air Weapons Level 1  
  126  10:01  Pylon  
  126  10:03  Pylon  
  126  10:05  Observer (Chrono Boost)  
  127  10:11  Nexus  
  127  10:16  High Templar x4  
  127  10:17  High Templar  
  137  10:24  Observer (Chrono Boost)  
  138  10:28  Photon Cannon  
  138  10:37  Photon Cannon  
  138  10:48  Pylon  
  138  10:55  Pylon  
  138  11:00  Pylon  
  138  11:06  Zealot x4, Stargate  
  138  11:07  Zealot x4  
  138  11:08  Stargate  
  154  11:12  Stargate  
  154  11:13  Stargate  
  154  11:16  Photon Cannon  
  154  11:18  Gateway  
  154  11:19  Gateway  
  154  11:21  Probe x2  
  154  11:23  Probe  
  157  11:36  Protoss Ground Weapons Level 3 (Chrono Boost)  
  157  11:37  Dark Shrine  
  157  11:48  Pylon  
  157  12:01  Fleet Beacon  
  156  12:05  Resonating Glaives  
  156  12:22  Assimilator  
  156  12:26  Assimilator  
  155  12:32  Nexus  
  155  12:34  Photon Cannon, Pylon  
  155  12:38  Pylon  
  155  12:44  Pylon  
  155  12:49  Photon Cannon  
  155  12:52  Tempest x3 (Chrono Boost)  
  167  12:58  Tempest (Chrono Boost)  
  169  13:07  Pylon  
  169  13:08  Pylon  
  169  13:31  Protoss Air Weapons Level 2  
  169  13:32  Tempest (Chrono Boost)  
  169  13:33  Tempest (Chrono Boost)  
  177  13:59  Protoss Ground Armor Level 1  
  151  14:28  Zealot x7  
  151  14:29  Zealot x3  
  171  14:52  Photon Cannon  
  171  14:55  Photon Cannon  
  171  14:57  Photon Cannon  
  171  14:58  Dark Templar x2  
  171  14:59  Dark Templar x8  
  191  15:00  Photon Cannon  
  171  15:53  Zealot x4  
  171  15:54  Zealot x6  
  171  15:55  Gateway  
  191  15:58  Gateway  
  191  16:18  Nexus  
  141  16:51  Archon x3  
  141  16:53  Archon  
  135  16:54  Zealot  
  135  16:55  Zealot x7  
  135  16:56  Zealot x2  
Tags
 
Add a new tag
Caveats
  • Supply blocks, unpowered buildings, or Contaminate may cause inaccurate times.
  • Supply counts are checked every 10 seconds.